 Dungeon Crawl Stone Soup version 0.22-a0-113-gdd6f4a9 (webtiles) character file.

60 Kavrick the Skirmisher (level 3, 0/29 HPs)
             Began as a Demonspawn Fighter on Jan 28, 2018.
             Succumbed to an adder's poison
             ... on level 2 of the Dungeon.
             The game lasted 00:01:08 (909 turns).

Kavrick the Skirmisher (Demonspawn Fighter)          Turns: 909, Time: 00:01:09

Health: 0/29       AC:  9    Str: 17    XL:     3   Next: 82%
Magic:  3/3        EV:  4    Int:  9    God:
Gold:   142        SH:  9    Dex: 12    Spells: 2/2 levels left

rFire    . . .     SeeInvis .   a - +0 long sword
rCold    + . .     Gourm    .   c - +0 shield
rNeg     . . .     Faith    .   j - +0 chain mail
rPois    .         Spirit   .   (helmet restricted)
rElec    .         Reflect  .   (no cloak)
rCorr    .         Harm     .   (no gloves)
MR       .....                  (no boots)
Stlth    ..........             (no amulet)
HPRegen  0.09/turn              (no ring)
MPRegen  0.08/turn              (no ring)

@: lethally poisoned (0 -> -13)
A: horns 1, cold resistance 1
a: no special abilities


You were on level 2 of the Dungeon.
You were not hungry.

You visited 1 branch of the dungeon, and saw 2 of its levels.

You collected 142 gold pieces.

Inventory:

Hand Weapons
 a - a +0 long sword (weapon)
Armour
 c - a +0 shield (worn)
 j - a +0 chain mail (worn)
Jewellery
 e - an uncursed ring of wizardry {unknown}
Scrolls
 b - a scroll of random uselessness {unknown}
 i - a scroll of identify {unknown}
 k - a scroll of remove curse {unknown}
 m - a scroll of teleportation {unknown}
Potions
 d - a potion of might
 g - a potion of haste {unknown}
 l - a potion of curing {unknown}
 n - a potion of magic {unknown}
Comestibles
 f - 4 rations
 h - 5 chunks of flesh


   Skills:
 + Level 3.4 Fighting
 * Level 2.7 Long Blades
 + Level 3.1 Armour
 + Level 3.1 Shields


You had 2 spell levels left.
You didn't know any spells.

Dungeon Overview and Level Annotations

Branches:
Dungeon (2/15)

Altars:
Dithmenos
The Shining One


Innate Abilities, Weirdness & Mutations

You have a pair of small horns on your head.
Your flesh is cold resistant. (rC+)


Message History

You feel sick. The adder bites you but does no damage.
The adder barely misses you.
Your shield and chain mail prevent you from hitting the adder.
The adder is severely wounded.
* * * LOW HITPOINT WARNING * * *
You feel sick.
The adder bites you but does no damage. x2
You closely miss the adder.
The adder is severely wounded.
* * * LOW HITPOINT WARNING * * *
You feel sick. The adder bites you.
* * * LOW HITPOINT WARNING * * *
You are more poisoned.
The adder poisons you!
You miss the adder.
You kill the adder!
* * * LOW HITPOINT WARNING * * *
You feel sick.
* * * LOW HITPOINT WARNING * * *
You feel sick.
You die...

.. ..# ..... ###.#
...... ..#.###### ......
#.#.#....
#....###.#.##.####.###
.##....#........@......#
........#.#..##########
##..................#
.........#.#########.#
.#####.#.#........##.#
.#.......#..#####)##.#
...#.....#).<# #.#
.......#.#...# #.#
....#+##.#...# #.#


There were no monsters in sight!

Vanquished Creatures
  A hound (D:2)
  An adder (D:2)
  A dart slug (D:2)
  2 leopard geckos
  2 giant cockroaches (D:1)
  3 goblins (D:1)
  A hobgoblin (D:1)
  4 kobolds
  A ball python (D:1)
  3 bats (D:1)
  A frilled lizard (D:1)
  2 rats (D:1)
22 creatures vanquished.

Notes
Turn   | Place    | Note
-------+----------+-------------------------------------------
     0 | D:1      | Kavrick the Demonspawn Fighter began the quest for the Orb.
     0 | D:1      | Reached XP level 1. HP: 18/18 MP: 1/1
   168 | D:1      | Gained mutation: Your flesh is cold resistant. (rC+) [demonic ancestry]
   168 | D:1      | Reached XP level 2. HP: 23/24 MP: 2/2
   505 | D:1      | Found a glowing golden altar of the Shining One.
   710 | D:2      | Found a shadowy altar of Dithmenos.
   722 | D:2      | Gained mutation: You have a pair of small horns on your head. [demonic ancestry]
   722 | D:2      | Reached XP level 3. HP: 20/29 MP: 3/3
   908 | D:2      | HP: 1/29 [poisoned by an adder]
   909 | D:2      | Succumbed to an adder's poison

Vault maps used:
D:1:      tarquinn_simple_flora_water_a, tso_altar
D:2:      nicolae_dithmenos_through_a_glass_darkly, uniq_crazy_yiuf_cottage

Skill      XL: |  1  2 |
---------------+-------+-----
Long Blades    | 2 |  2.7
Armour         | 3 |  3.1
Shields        | 3 |  3.1
Fighting       | |  3.4

Action                   || total
-------------------------++-------
Melee: Long sword        ||    72
       Headbutt          ||     3
Armor: Scale mail        ||     4
       Chain mail        ||    49
Dodge: Dodged            ||    16
Block: Shield            ||    40
       Rpst.: Long sword ||     2

Table legend:
 A = Spawn XP
 B = Non-spawn XP
 C = Spawn XP percentage of total XP
 D = Spawn monster count
 E = Non-spawn monster count
 F = Spawn count percentage of total count
 G = Total turns spent on level
                    A         B        C        D         E        F      G
               +---------+---------+-------+---------+---------+-------+---------
         Total |       0 |      87 |   0.0 |       0 |      22 |   0.0 |   909
               +---------+---------+-------+---------+---------+-------+---------
           D:1 |       0 |      25 |   0.0 |       0 |      16 |   0.0 |   668
           D:2 |       0 |      62 |   0.0 |       0 |       6 |   0.0 |   241
               +---------+---------+-------+---------+---------+-------+---------
